 Dungeon Crawl Stone Soup version 0.29-a0-887-gcbe080d7e0 (webtiles) character file.

Game seed: 6794655829876140766

231 nicolae the Changer (level 5, -1/60 HPs)
             Began as a Minotaur Transmuter on July 22, 2022.
             Slain by Menkaure (10 damage)
             ... on level 4 of the Dungeon.
             The game lasted 00:07:29 (4269 turns).

nicolae the Changer (Minotaur Transmuter)           Turns: 4269, Time: 00:07:30

Health: -1/60      AC: 22    Str: 14    XL:     5   Next: 72%
Magic:  6/6        EV:  2    Int: 12    God:
Gold:   265        SH:  0    Dex: 11    Spells: 0/6 levels left

rFire   . . .      SeeInvis .     - Unarmed
rCold   . . .      Faith    .   (no shield)
rNeg    . . .      Spirit   .   (body armour currently unavailable)
rPois   +          Reflect  .   (helmet currently unavailable)
rElec   .          Harm     .   (cloak currently unavailable)
rCorr   .          Rampage  .   (gloves currently unavailable)
Will    .....      NoTele   +   (boots currently unavailable)
Stlth   +.........              (no amulet)
HPRegen 0.20/turn               (no ring)
MPRegen 0.10/turn               (no ring)

@: tree-form
A: stationary, stasis, torment immunity, boosted hp, (horns 2), (retaliatory
headbutt)
a: no special abilities


You were on level 4 of the Dungeon.
You were a tree.
You visited 1 branch of the dungeon, and saw 4 of its levels.

You collected 265 gold pieces.

Inventory:

Missiles
 l - 7 poisoned darts
 u - 5 atropa-tipped darts
Armour
 a - a +0 robe (melded)
 f - a +1 hat (melded)
Jewellery
 s - a +4 ring of protection
Wands
 m - a wand of polymorph (5)
Scrolls
 c - a scroll of acquirement {unknown}
 d - a scroll of poison {unknown}
 e - 2 scrolls of vulnerability {unknown}
 h - 3 scrolls of teleportation {unknown}
 j - a scroll of magic mapping {unknown}
 n - a scroll of amnesia {unknown}
 o - 2 scrolls of immolation {unknown}
 t - a scroll of enchant weapon {unknown}
 x - 2 scrolls of identify
Potions
 b - 3 potions of lignification
 i - 3 potions of heal wounds
 k - 2 potions of haste
 p - a potion of magic
 q - 2 potions of flight
 r - a potion of might
 v - a potion of brilliance
 w - a potion of resistance {unknown}


   Skills:
 - Level 1.4 Fighting
 - Level 2.1 Dodging
 - Level 3.3 Unarmed Combat
 - Level 1.3 Spellcasting
 - Level 5.0 Transmutations
 + Level 0.0 Poison Magic


You couldn't memorise any spells.
You knew the following spells:

 Your Spells              Type           Power      Damage    Failure   Level
a - Beastly Appendage     Tmut           24%        N/A       3%          1
b - Wereblood             Tmut           12%        N/A       5%          2
c - Spider Form           Tmut/Pois      6%         N/A       30%         3

Your spell library contained the following spells:

 Spells                   Type           Power      Damage    Failure   Level
 Ice Form                 Ice/Tmut       6%         N/A       71%         4


Dungeon Overview and Level Annotations

Branches:
Dungeon (4/15)             Temple (0/1) D:4

Altars:

Shops:
D:3 (

Annotations:
D:4 Grinder, Menkaure


Innate Abilities, Weirdness & Mutations

You are a tree.
Your roots penetrate the ground, keeping you stationary.
You cannot be teleported.
You are immune to unholy pain and torment.
Your maximum health is greatly increased.
Your equipment is partially melded.
((You have a pair of horns on your head.))
((You reflexively headbutt those who attack you in melee.))


Message History

Grinder closely misses you.
You hit Grinder but do no damage. You claw Grinder, but do no damage.
Grinder hits you.
You writhe in agony.
You barely miss Grinder. Your headbutt misses Grinder.
Grinder says, "There's only one good use for a tongue: cutting it out."
Grinder hits you!
You writhe in agony.
Unknown command.
Really quaff the potion of lignification?
Your talons disappear.
Your +1 hat unmelds from your body.
You turn into a tree.
Your +1 hat melds into your body.
Your +0 robe melds into your body.
Your roots penetrate the ground.
Grinder hits you but does no damage.
Unknown command.
You hit Grinder. You punch Grinder.
Grinder is lightly wounded.
Grinder says, "DUCK!"
Grinder hits you but does no damage.
Menkaure casts a spell.
Menkaure seems to speed up.
You smack Grinder!
Grinder is heavily wounded.
Grinder hits you.
You writhe in agony.
You hit Grinder. You punch Grinder, but do no damage.
Grinder is heavily wounded.
Grinder hits you but does no damage.
You smack Grinder!
Grinder is almost dead.
Grinder hits you.
You writhe in agony.
You hit Grinder.
Grinder is almost dead.
Grinder blinks!
You hit Menkaure but do no damage. Menkaure hits you but does no damage.
You hit Menkaure.
Menkaure is moderately damaged.
Menkaure hits you!
* * * LOW HITPOINT WARNING * * *
You smack Menkaure!
Menkaure is heavily damaged.
Menkaure hits you!
You die...

##. #..M..#............#
.......#..#............#
..###.###...............
### #...............
#...@...........
#####.............
#.[.5............. ###
###M###....l...5....
.....##..♣##..............
.........####.............
### ..##....##
##.......<.... ..# #.5###
#.........#... ..# #.. ##
#............. ... #.
##.##..........#.. # #.
#.....#..........### # #
#.................## #
##................##.


You could see Grinder and Menkaure (fast).

Vanquished Creatures
  Sigmund (D:4)
  Robin (D:2)
  4 adders
  3 dart slugs
  An orc (D:3)
  8 ball pythons
  4 bats
  4 endoplasms
  A giant cockroach (D:2)
  17 goblins
  5 hobgoblins
  3 jackals (D:2)
  5 kobolds
  A quokka (D:3)
  3 frilled lizards
  6 rats
67 creatures vanquished.

Notes
Turn   | Place    | Note
-------+----------+-------------------------------------------
     0 | D:1      | nicolae the Minotaur Transmuter began the quest for the
                  | Orb.
     0 | D:1      | Reached XP level 1. HP: 16/16 MP: 1/1
    23 | D:1      | Reached skill level 2 in Transmutations
   262 | D:1      | Reached XP level 2. HP: 21/23 MP: 0/3
   303 | D:1      | Found a faded altar of an unknown god.
  1213 | D:1      | Learned a level 2 spell: Wereblood
  1549 | D:2      | Reached XP level 3. HP: 17/28 MP: 2/4
  1700 | D:2      | Reached skill level 3 in Transmutations
  2476 | D:3      | Noticed Robin
  2487 | D:3      | Reached XP level 4. HP: 27/35 MP: 5/5
  2498 | D:2      | Killed Robin
  3035 | D:3      | Found Fiytem's Weapon Emporium.
  3164 | D:3      | Reached skill level 4 in Transmutations
  3811 | D:4      | Found a staircase to the Ecumenical Temple.
  3971 | D:4      | Noticed Sigmund
  3972 | D:4      | Noticed a scorpion
  3973 | D:4      | Noticed Menkaure
  3988 | D:4      | Noticed Grinder
  4038 | D:4      | Killed Sigmund
  4039 | D:4      | Reached skill level 5 in Transmutations
  4039 | D:4      | Reached XP level 5. HP: 12/40 MP: 4/6
  4256 | D:3      | Learned a level 3 spell: Spider Form
  4269 | D:4      | Slain by Menkaure

Illustrated notes

Levels and vault maps discovered:
D:1:      dpeg_arrival_ternary, layout_basic, basic_ecumenical_altar,
          minmay_misc_feat_nine_boxes
D:2:      kennysheep_six_static_rooms, layout_rooms, serial_curves,
          eino_curves_03, eino_curves_01, eino_curves_01, eino_curves_04,
          minmay_misc_feat_tower
D:3:      layout_loops_ring, serial_shops, nicolae_shop_bloodbath_and_beyond,
          uniq_robin
D:4:      layout_cave_pools, minmay_temple_entry_junction_2, uniq_menkaure,
          uniq_sigmund, uniq_grinder

Skill      XL: |  1  2  3  4 |
---------------+-------------+-----
Transmutations | 2 3 5 |  5.0
Fighting       | |  1.4
Dodging        | |  2.1
Unarmed Combat | |  3.3
Spellcasting   | |  1.3

Action                   |  1- 3 |  4- 6 || total
-------------------------+-------+-------++-------
Melee: Unarmed           |    90 |    69 ||   159
       Kick              |    12 |     8 ||    20
       Headbutt          |    12 |    10 ||    22
       Punch             |     2 |     2 ||     4
 Cast: Beastly Appendage |    27 |    13 ||    40
  Use: Scroll            |     6 |     2 ||     8
       Potion            |       |     2 ||     2
 Stab: Sleeping          |     2 |     1 ||     3
Armor: Robe              |    19 |     6 ||    25
       Skin              |       |     4 ||     4
Dodge: Dodged            |    65 |    36 ||   101

Table legend: (Time is in decaauts)
 A = Elapsed time spent in this place.
 B = Non-inter-level travel time spent in this place.
 C = Inter-level travel time spent in this place.
 D = Time resting spent in this place.
 E = Time spent auto-exploring this place.
 F = Levels seen in this place.
 G = Mean time per level.
                   A        B        C        D        E       F      G
               +--------+--------+--------+--------+--------+-----+--------+
         Total |   4261 |   4128 |    133 |    756 |   2808 |   4 | 1065.2 |
       Dungeon |   4261 |   4128 |    133 |    756 |   2808 |   4 | 1065.2 |
               +--------+--------+--------+--------+--------+-----+--------+

Top non-repeatable levels by time:
     D:2: 1498 daAuts
     D:1: 1248 daAuts
     D:3: 1223 daAuts
     D:4: 292 daAuts
